 Dungeon Crawl Stone Soup version 0.22.1-1-ga44c0e5 (webtiles) character file.

6482 dvd the Magician (level 11, -4/84 HPs)
             Began as a Gnoll Skald on Oct 21, 2018.
             Was an Elder of Cheibriados.
             Slain by a death yak (17 damage)
             ... on level 10 of the Dungeon on Oct 22, 2018.
             The game lasted 00:28:04 (8056 turns).

dvd the Magician (Gnoll Skald)                      Turns: 8056, Time: 00:28:06

Health: -4/84      AC: 14    Str: 25    XL:     11   Next: 0%
Magic:  4/22       EV: 14    Int: 25    God:    Cheibriados [****..]
Gold:   275        SH:  9    Dex: 24    Spells: 14/25 levels left

rFire    . . .     SeeInvis .   a - +3 war axe (chop)
rCold    . . .     Gourm    .   E - +2 buckler of the Prince of Darkness {+Blink +Inv rPois Slay-2}
rNeg     . . .     Faith    .   p - +0 storm dragon scales
rPois    +         Spirit   .   (no helmet)
rElec    +         Reflect  .   (no cloak)
rCorr    +         Harm     .   v - +0 pair of gloves
MR       .....                  (no boots)
Stlth    ++........             f - amulet of regeneration
HPRegen  0.64/turn              l - ring of resist corrosion
MPRegen  0.18/turn              q - ring of stealth

@: singing, very slow
A: distributed training, fangs 1, strong nose
a: Bend Time, Temporal Distortion, Slouch, Renounce Religion, Evoke Blink, Evoke
Invisibility


You were on level 10 of the Dungeon.
You worshipped Cheibriados.
Cheibriados was greatly pleased with you.
You were hungry.

You visited 1 branch of the dungeon, and saw 10 of its levels.
You also visited: Sewer.

You collected 636 gold pieces.
You spent 361 gold pieces at shops.

Inventory:

Hand Weapons
 a - a +3 war axe of chopping (weapon)
 j - a +4 quarterstaff
 o - a +1 dagger of venom
 y - a +0 war axe of electrocution
Missiles
 D - 5 tomahawks (quivered)
Armour
 p - +0 storm dragon scales (worn)
 v - a +0 pair of gloves (worn)
 B - the +2 ring mail of a sewer {Regen+}
   (You found it on level 8 of the Dungeon)

   It increases your rate of regeneration.
 C - a +0 pair of gloves
 E - the +2 buckler of the Prince of Darkness (worn) {+Blink +Inv rPois Slay-2}
   (You bought it in a shop on level 9 of the Dungeon)

   It affects your accuracy and damage with ranged weapons and melee attacks
   (-2).
   It protects you from poison.
   It lets you turn invisible.
   It lets you blink.
Jewellery
 f - an amulet of regeneration (around neck)
 l - a ring of resist corrosion (left hand)
 q - a ring of stealth (right hand)
 r - an uncursed ring of ice
Wands
 g - a wand of digging (5)
 x - a wand of flame (5)
Scrolls
 e - 5 scrolls of teleportation
 k - 7 scrolls of identify
 m - 3 scrolls of fear
 n - a scroll of blinking
 s - 2 scrolls of amnesia
 H - 2 scrolls of fog {unknown}
Potions
 c - 4 potions of agility {unknown}
 h - a potion of invisibility {unknown}
 i - 10 potions of curing {unknown}
 t - 5 potions of flight
 u - a potion of cancellation {unknown}
 w - a potion of berserk rage {unknown}
 z - 2 potions of might {unknown}
 A - 2 potions of magic {unknown}
 F - a potion of heal wounds
 G - 2 potions of brilliance {unknown}
Comestibles
 b - 4 chunks of flesh
 d - 22 rations


   Skills:
 + Level 7.4 Fighting
 + Level 5.7 Short Blades
 + Level 5.7 Long Blades
 + Level 7.4 Axes
 + Level 5.7 Maces & Flails
 + Level 5.7 Polearms
 + Level 5.7 Staves
 + Level 5.7 Slings
 + Level 5.7 Bows
 + Level 5.7 Crossbows
 + Level 5.7 Throwing
 + Level 6.3 Armour
 + Level 7.4 Dodging
 + Level 5.7 Stealth
 + Level 5.7 Shields
 + Level 5.7 Unarmed Combat
 + Level 7.7 Spellcasting
 + Level 4.7 Conjurations
 + Level 4.7 Hexes
 + Level 7.3 Charms
 + Level 4.7 Summonings
 + Level 4.7 Necromancy
 + Level 4.7 Translocations
 + Level 4.7 Transmutations
 + Level 4.7 Fire Magic
 + Level 4.7 Ice Magic
 + Level 4.7 Air Magic
 + Level 4.7 Earth Magic
 + Level 4.7 Poison Magic
 + Level 6.2 Invocations
 + Level 5.7 Evocations


You had 14 spell levels left.
You knew the following spells:

 Your Spells              Type           Power        Failure   Level  Hunger
a - Infusion              Chrm           ####         1%          1    None
b - Song of Slaying       Chrm           #####...     2%          2    None
c - Shroud of Golubria    Chrm/Tloc      #####.....   4%          2    None
d - Regeneration          Chrm/Necr      #####.....   10%         3    None
e - Spectral Weapon       Hex/Chrm       #####...     10%         3    None

Your spell library contained the following spells:

 Spells                   Type           Power        Failure   Level  Hunger


Dungeon Overview and Level Annotations

Branches:
Dungeon (10/15)            Temple (0/1) D:7
   Lair: D:8-11         Orc: D:9-12

Altars:
Cheibriados
Dithmenos
Ru
Trog
Uskayaw
Wu Jian
Xom
The Shining One

Shops:
D:7 :   D:9 ([


Innate Abilities, Weirdness & Mutations

Your experience applies equally to all skills.
You have very sharp teeth.
Your uncanny sense of smell can sniff out nearby items.


Message History

Unknown command.
You can feel time thicken for a moment.
You destroy the necrophage!
Cheibriados thoroughly appreciates the change of pace.
You kill the hippogriff!
Cheibriados thoroughly appreciates the change of pace.
You have reached level 11!
You feel somewhat more hungry.
You can no longer step out of the time flow.
Cheibriados lowers the support of your attributes as your movement quickens.
You block the death yak's attack. The death yak gores you.
* * * LOW HITPOINT WARNING * * *
Unknown command.
You can feel time thicken for a moment.
You are feeling hungry.
Cheibriados lowers the support of your attributes as your movement quickens.
The death yak gores you.
* * * LOW HITPOINT WARNING * * *
The death yak gores you!
You die...

.....#
#..##........#
.....#
##..#........#
....(#
##('..).....#
.....#
###........#
.....#
####'#####
##+### #.#
#.## #..#
###@####
#..YY..#
#...Y......
#......##..
#.%....#
#......#
#......#
#......+
#.$....#


You could see 3 death yaks.

Vanquished Creatures
  A two-headed ogre (D:8)
  Joseph (D:7)
  A hornet (D:9)
  2 hippogriffs
  A shadow (D:6)
  2 chaos spawn (D:9)
  2 water moccasins
  A porcupine (D:10)
  3 sky beasts
  2 ice beasts
  3 phantoms
  5 ogres
  A necrophage (D:10)
  3 centaurs
  A big kobold (D:9)
  4 bullfrogs
  3 scorpions
  7 howler monkeys
  A bullfrog zombie (D:9)
  A crimson imp (D:9)
  13 hounds
  A centaur zombie (D:8)
  2 jellies
  A bullfrog skeleton (D:8)
  2 iguanas
  6 orc priests
  11 orc wizards
  2 centaur skeletons
  Natasha (twice) (D:2)
  8 worker ants
  3 hound skeletons
  A howler monkey zombie (D:5)
  A gnoll (D:4)
  11 adders
  A howler monkey skeleton (D:5)
  3 shadow imps
  5 oozes
  2 adder zombies
  4 worms
  An adder skeleton (D:6)
  A dart slug (D:1)
  9 leopard geckos
  30 orcs
  7 ball pythons
  16 bats
  6 giant cockroaches
  9 goblins
  14 hobgoblins
  22 jackals
  7 kobolds
  3 quokkas
  8 frilled lizards
  A leopard gecko zombie (D:9)
  8 rats
  A plant (D:1)
267 creatures vanquished.

Vanquished Creatures (others)
  A spectral weapon (D:8)
1 creature vanquished.

Grand Total: 268 creatures vanquished

Notes
Turn   | Place    | Note
-------+----------+-------------------------------------------
     0 | D:1      | dvd the Gnoll Skald began the quest for the Orb.
     0 | D:1      | Reached XP level 1. HP: 20/20 MP: 6/6
   205 | D:1      | Reached XP level 2. HP: 17/26 MP: 7/7
   212 | D:1      | Learned a level 2 spell: Song of Slaying
   215 | D:1      | Learned a level 2 spell: Shroud of Golubria
   649 | D:1      | Reached XP level 3. HP: 31/31 MP: 6/9
   714 | D:1      | Reached skill level 5 in Spellcasting
   720 | D:1      | Learned a level 3 spell: Regeneration
   724 | D:1      | Learned a level 3 spell: Spectral Weapon
  1163 | D:2      | Reached skill level 1 in Invocations
  1422 | D:2      | Reached skill level 1 in Short Blades
  1422 | D:2      | Reached skill level 1 in Long Blades
  1422 | D:2      | Reached skill level 1 in Maces & Flails
  1422 | D:2      | Reached skill level 1 in Polearms
  1422 | D:2      | Reached skill level 1 in Staves
  1422 | D:2      | Reached skill level 1 in Slings
  1422 | D:2      | Reached skill level 1 in Bows
  1422 | D:2      | Reached skill level 1 in Crossbows
  1422 | D:2      | Reached skill level 1 in Throwing
  1422 | D:2      | Reached skill level 1 in Stealth
  1422 | D:2      | Reached skill level 1 in Shields
  1422 | D:2      | Reached skill level 1 in Unarmed Combat
  1422 | D:2      | Reached skill level 1 in Evocations
  1471 | D:2      | Reached XP level 4. HP: 32/38 MP: 9/11
  1600 | D:2      | Noticed Natasha
  1612 | D:2      | Killed Natasha
  1647 | D:2      | Reached skill level 1 in Conjurations
  1647 | D:2      | Reached skill level 1 in Hexes
  1647 | D:2      | Reached skill level 1 in Summonings
  1647 | D:2      | Reached skill level 1 in Necromancy
  1647 | D:2      | Reached skill level 1 in Translocations
  1647 | D:2      | Reached skill level 1 in Transmutations
  1647 | D:2      | Reached skill level 1 in Fire Magic
  1647 | D:2      | Reached skill level 1 in Ice Magic
  1647 | D:2      | Reached skill level 1 in Air Magic
  1647 | D:2      | Reached skill level 1 in Earth Magic
  1647 | D:2      | Reached skill level 1 in Poison Magic
  1824 | D:2      | Noticed Natasha
  1831 | D:2      | Killed Natasha
  1831 | D:2      | Reached XP level 5. HP: 39/43 MP: 12/12
  2314 | D:3      | Reached XP level 6. HP: 42/50 MP: 13/13
  2899 | D:4      | Reached skill level 5 in Fighting
  2899 | D:4      | Reached skill level 5 in Axes
  2899 | D:4      | Reached skill level 5 in Dodging
  3099 | D:4      | Reached XP level 7. HP: 52/56 MP: 15/15
  3461 | D:5      | Entered Level 5 of the Dungeon
  3647 | D:5      | Found an ornate altar of the Wu Jian Council.
  3649 | D:5      | Found a snail-covered altar of Cheibriados.
  3658 | D:5      | Found a sacrificial altar of Ru.
  3659 | D:5      | Found a glowing golden altar of the Shining One.
  3664 | D:5      | Found a hide-covered altar of Uskayaw.
  3665 | D:5      | Found a bloodstained altar of Trog.
  3676 | D:5      | Became a worshipper of Cheibriados the Contemplative
  3743 | D:5      | Reached XP level 8. HP: 42/63 MP: 16/16
  3760 | D:5      | Found a shadowy altar of Dithmenos.
  4429 | D:6      | Found a glowing drain.
  4443 | D:6      | Reached * piety under Cheibriados
  4451 | Sewer    | Entered a sewer
  4886 | D:6      | Reached ** piety under Cheibriados
  5030 | D:6      | Noticed a shadow
  5037 | D:6      | Killed a shadow
  5056 | D:6      | Reached XP level 9. HP: 53/69 MP: 18/18
  5510 | D:7      | Found a staircase to the Ecumenical Temple.
  5646 | D:7      | Reached *** piety under Cheibriados
  5748 | D:7      | Reached skill level 5 in Armour
  5910 | D:7      | Found Norghata's Book Shop.
  6104 | D:7      | Noticed Joseph
  6116 | D:7      | Killed Joseph
  6516 | D:8      | Reached skill level 5 in Invocations
  6623 | D:8      | Reached **** piety under Cheibriados
  6665 | D:8      | Reached XP level 10. HP: 77/77 MP: 20/20
  6834 | D:8      | Noticed a two-headed ogre
  6843 | D:8      | Killed a two-headed ogre
  6843 | D:8      | Reached skill level 5 in Short Blades
  6843 | D:8      | Reached skill level 5 in Long Blades
  6843 | D:8      | Reached skill level 5 in Maces & Flails
  6843 | D:8      | Reached skill level 5 in Polearms
  6843 | D:8      | Reached skill level 5 in Staves
  6843 | D:8      | Reached skill level 5 in Slings
  6843 | D:8      | Reached skill level 5 in Bows
  6843 | D:8      | Reached skill level 5 in Crossbows
  6843 | D:8      | Reached skill level 5 in Throwing
  6843 | D:8      | Reached skill level 5 in Stealth
  6843 | D:8      | Reached skill level 5 in Shields
  6843 | D:8      | Reached skill level 5 in Unarmed Combat
  6843 | D:8      | Reached skill level 5 in Evocations
  6863 | D:8      | Got a translucent ring mail
  6874 | D:8      | Identified the +2 ring mail of a sewer {Regen+} (You found
                  | it on level 8 of the Dungeon)
  7299 | D:9      | Found Qeruaraw's Antique Armour Shoppe.
  7361 | D:9      | Found a shimmering altar of Xom.
  7366 | D:9      | Found the +7 mace of Variability {chain chaos}
  7369 | D:9      | Reached ***** piety under Cheibriados
  7480 | D:9      | Bought a faintly humming buckler for 361 gold pieces
  7485 | D:9      | Identified the +2 buckler of the Prince of Darkness {+Blink
                  | +Inv rPois Slay-2} (You bought it in a shop on level 9 of
                  | the Dungeon)
  7490 | D:9      | Found Ifaukkeb's Weapon Boutique.
  7992 | D:10     | Entered Level 10 of the Dungeon
  8041 | D:10     | Noticed a death yak
  8043 | D:10     | Noticed a death yak
  8046 | D:10     | Noticed a death yak
  8055 | D:10     | Reached XP level 11. HP: 17/84 MP: 14/22
  8056 | D:10     | Slain by a death yak

Skill      XL: |  1  2  3  4  5  6  7  8  9 10 |
---------------+-------------------------------+-----
Spellcasting   | 5 6 7 |  7.7
Invocations    | 1 2 3 4 5 6 |  6.2
Short Blades   | 1 2 3 4 5 |  5.7
Long Blades    | 1 2 3 4 5 |  5.7
Maces & Flails | 1 2 3 4 5 |  5.7
Polearms       | 1 2 3 4 5 |  5.7
Staves         | 1 2 3 4 5 |  5.7
Slings         | 1 2 3 4 5 |  5.7
Bows           | 1 2 3 4 5 |  5.7
Crossbows      | 1 2 3 4 5 |  5.7
Throwing       | 1 2 3 4 5 |  5.7
Stealth        | 1 2 3 4 5 |  5.7
Shields        | 1 2 3 4 5 |  5.7
Unarmed Combat | 1 2 3 4 5 |  5.7
Evocations     | 1 2 3 4 5 |  5.7
Conjurations   | 1 2 3 4 |  4.7
Hexes          | 1 2 3 4 |  4.7
Summonings     | 1 2 3 4 |  4.7
Necromancy     | 1 2 3 4 |  4.7
Translocations | 1 2 3 4 |  4.7
Transmutations | 1 2 3 4 |  4.7
Fire Magic     | 1 2 3 4 |  4.7
Ice Magic      | 1 2 3 4 |  4.7
Air Magic      | 1 2 3 4 |  4.7
Earth Magic    | 1 2 3 4 |  4.7
Poison Magic   | 1 2 3 4 |  4.7
Armour         | 3 4 5 6 |  6.3
Fighting       | 5 6 7 |  7.4
Axes           | 5 6 7 |  7.4
Dodging        | 5 6 7 |  7.4
Charms         | 6 7 |  7.3

Action                   |  1- 3 |  4- 6 |  7- 9 | 10-12 || total
-------------------------+-------+-------+-------+-------++-------
Melee: Hand axe          |    93 |       |       |       ||    93
       Bite              |    30 |    16 |    45 |    27 ||   118
       Dagger            |   159 |    22 |       |       ||   181
       Punch             |     1 |     1 |     5 |     3 ||    10
       War axe           |       |   135 |   312 |   106 ||   553
Throw: Tomahawk          |       |       |     1 |       ||     1
 Cast: Shroud of Golubri |     9 |     1 |     5 |     4 ||    19
       Song of Slaying   |     3 |     1 |     5 |     2 ||    11
       Regeneration      |     1 |       |     4 |       ||     5
       Spectral Weapon   |     1 |       |     5 |     5 ||    11
Invok: Bend Time         |       |       |     1 |       ||     1
       Slouch            |       |       |       |     3 ||     3
  Use: Scroll            |       |       |    10 |       ||    10
 Stab: Sleeping          |     2 |       |       |       ||     2
       Distracted        |       |       |       |     1 ||     1
  Eat: Chunk             |     3 |     5 |     9 |     3 ||    20
Armor: Leather armour    |    32 |     2 |       |       ||    34
       Storm dragon scal |       |    89 |   239 |    55 ||   383
Dodge: Dodged            |   119 |    85 |   181 |   117 ||   502
Block: Buckler           |       |       |       |    25 ||    25
